 Dungeon Crawl Stone Soup version 0.21-a0-632-g1e37ce5 (console) character file.

16109 removed the Arsonist (level 12, 100/100 HPs)
             Began as a Red Draconian Wizard on Nov 26, 2017.
             Was a High Priest of Vehumet.
             Quit the game on level 2 of the Lair of Beasts on Dec 27, 2017.
             The game lasted 00:46:43 (18062 turns).

removed the Arsonist (Red Draconian Wizard)        Turns: 18062, Time: 00:46:45

Health: 100/100    AC: 11    Str: 11    XL:     12   Next: 7%
Magic:  24/24      EV: 15    Int: 23    God:    Vehumet [*****.]
Gold:   1570       SH:  0    Dex:  9    Spells: 2/27 levels left

rFire    + . .     SeeInvis .   a - staff of conjuration
rCold    + . .     Gourm    .   (no shield)
rNeg     . . .     Faith    +   (armour unavailable)
rPois    .         Spirit   .   h - +0 hat
rElec    .         Reflect  .   F - +1 cloak
rCorr    .         Harm     .   v - +0 pair of gloves
MR       .....                  (no boots)
Stlth    ++........             V - amulet of faith
HPRegen  0.26/turn              u - ring of protection from cold
MPRegen  0.19/turn              o - ring of wizardry

@: no status effects
A: breathe fire, unfitting armour, fire resistance 1, cold-blooded, AC +8
a: Breathe Fire, Renounce Religion


You were on level 2 of the Lair of Beasts.
You worshipped Vehumet.
Vehumet was extremely pleased with you.
You were near starving.

You visited 3 branches of the dungeon, and saw 14 of its levels.
You also visited: Bailey.

You collected 1570 gold pieces.

Inventory:

Hand Weapons
 b - a +2 scimitar of slicing
 A - a +0 blowgun
 C - a +1 quarterstaff
 X - a +0 broad axe
Missiles
 y - 23 poisoned needles
Armour
 h - a +0 hat (worn)
 m - a scarf of cloud immunity
 v - a +0 pair of gloves (worn)
 F - a +1 cloak (worn)
Magical Staves
 a - an uncursed staff of conjuration (weapon)
 B - an uncursed staff of summoning
Jewellery
 o - a ring of wizardry (right hand)
 u - a ring of protection from cold (left hand)
 K - an uncursed ring of flight
 T - a +4 ring of strength
 V - an amulet of faith (around neck)
 Y - an uncursed ring of resist corrosion
Wands
 G - a wand of iceblast (6)
 H - a wand of acid (5)
 L - a wand of flame (12)
Scrolls
 n - a scroll of silence {unknown}
 s - 2 scrolls of brand weapon {unknown}
 w - a scroll of blinking
 x - a scroll of fear
 z - 5 scrolls of identify
 J - 2 scrolls of fog
 M - 4 scrolls of magic mapping
 N - a scroll of immolation
 Q - 4 scrolls of amnesia
 U - a scroll of enchant weapon
 Z - 4 scrolls of teleportation
Potions
 d - 4 potions of brilliance
 f - 2 potions of resistance
 i - a potion of cancellation
 j - 5 potions of curing
 l - 3 potions of agility
 q - 3 potions of mutation
 r - a potion of flight
 E - 3 potions of haste
 P - 5 potions of berserk rage
 S - 2 potions of magic
Books
 k - a book of Minor Magic

   Spells                             Type                      Level
   a - Magic Dart                     Conjuration                  1
   b - Blink                          Translocation                2
   c - Call Imp                       Summoning                    2
   d - Slow                           Hexes                        2
   e - Conjure Flame                  Conjuration/Fire             3
   f - Mephitic Cloud                 Conjuration/Poison/Air       3
 p - a book of Flames

   Spells                             Type                      Level
   a - Flame Tongue                   Conjuration/Fire             1
   b - Throw Flame                    Conjuration/Fire             2
   c - Conjure Flame                  Conjuration/Fire             3
   d - Inner Flame                    Hexes/Fire                   3
   e - Sticky Flame                   Conjuration/Fire             4
   f - Fireball                       Conjuration/Fire             5
 I - a book of Debilitation

   Spells                             Type                      Level
   a - Corona                         Hexes                        1
   b - Slow                           Hexes                        2
   c - Inner Flame                    Hexes/Fire                   3
   d - Portal Projectile              Hexes/Translocation          3
   e - Cause Fear                     Hexes                        4
   f - Leda's Liquefaction            Hexes/Earth                  4
 O - a book of the Tempests

   Spells                             Type                      Level
   a - Static Discharge               Conjuration/Air              3
   b - Lightning Bolt                 Conjuration/Air              5
   c - Ignition                       Fire                         8
   d - Tornado                        Air                          9
   e - Shatter                        Earth                        9
 W - a book of Cantrips

   Spells                             Type                      Level
   a - Confusing Touch                Hexes                        1
   b - Animate Skeleton               Necromancy                   1
   c - Summon Small Mammal            Summoning                    1
   d - Apportation                    Translocation                1
Comestibles
 c - 9 rations
 t - 5 rations
 D - a ration
 R - a ration


   Skills:
 - Level 7.1 Fighting
 - Level 7.0 Dodging
 - Level 1.7 Stealth
 - Level 8.0 Spellcasting
 - Level 10.5 Conjurations
   Level 1.0 Summonings
 - Level 1.0 Translocations
 + Level 12.8 Fire Magic


You had 2 spell levels left.
You knew the following spells:

 Your Spells              Type           Power        Failure   Level  Hunger
a - Magic Dart            Conj           ####         1%          1    None
b - Conjure Flame         Conj/Fire      #######.     1%          3    None
c - Mephitic Cloud        Conj/Pois/Air  #####...     1%          3    None
d - Throw Flame           Conj/Fire      ######       1%          2    None
e - Flame Tongue          Conj/Fire      #####        1%          1    None
f - Iskenderun's Mystic   Conj           ######..     1%          4    ###....
g - Sticky Flame          Conj/Fire      #######.     1%          4    ###....
h - Fireball              Conj/Fire      #######...   1%          5    #####..
l - Blink                 Tloc           N/A          2%          2    None


Dungeon Overview and Level Annotations

Branches:
Dungeon (11/15)            Temple (1/1) D:5            Lair (2/6) D:11
  Swamp: Lair:2-4    Shoals: Lair:2-4     Snake: Lair:2-4    Spider: Lair:2-4
    Orc: D:9-12

Altars:
Cheibriados
Dithmenos
Elyvilon
Gozag
Hepliaklqana
Kikubaaqudgha
Makhleb
Nemelex Xobeh
Okawaru
Qazlal
Ru
Sif Muna
Trog
Uskayaw
Vehumet
Wu Jian
Xom
Yredelemnul
Zin

Shops:
D:5 (!(}   D:11 %

Annotations:
D:8 4 runed doors, exclusion: orange crystal statue
Lair:1 kae's ghost, journeyman TrMo


Innate Abilities, Weirdness & Mutations

You can breathe blasts of fire.
Your fiery red scales are hard. (AC +8)
You cannot fit into any form of body armour.
Your flesh is heat resistant. (rF+)
You are cold-blooded and may be slowed by cold attacks.


Message History

Aiming: Sticky Flame
Press: ? - help, Shift-Dir - straight line, f/p - water moccasin
Aim: a water moccasin (heavily wounded)
You feel a surge of power!
The sticky flame hits the water moccasin.
The water moccasin is severely wounded.
The water moccasin is covered in liquid flames!
The water moccasin burns!
The water moccasin bites you.
The water moccasin burns!
You kill the water moccasin!
Vehumet accepts your kill.
You start resting.
HP restored.
You start resting.
Magic restored.
Saving game... please wait.
Welcome back, removed the Red Draconian Wizard.
Vehumet says: Let it end in hellfire!
Press ? for a list of commands and other information.
Are you sure you want to abandon this character and quit the game? (Confirm with "yes".)

..#######
........##
.......<.# ###
.........###.#####
.....#......@....##
..## ##...........#
. ##..##.....#.##
#.#.#.#......P#
#...........####
###..........#.#
#...........#
#...........#
#...........#


There were no monsters in sight!

Vanquished Creatures
  Erolcha (D:9)
  The ghost of arkorax the Cruncher, a journeyman DsGl of Makhleb (Lair:1)
  3 two-headed ogres
  A death yak (D:11)
  2 orc knights (Bailey)
  A centaur zombie (D:11)
  Psyche (D:8)
  A gargoyle (D:11)
  3 kobold demonologists
  The ghost of p0werm0de the Insei, a novice OpAM of Cheibriados (D:4)
  A hornet (D:8)
  2 hippogriffs
  A tarantella (shapeshifter) (D:11)
  A spriggan (D:10)
  2 basilisks (D:11)
  4 yaks
  2 hungry ghosts
  A steam dragon (D:10)
  4 water moccasins
  5 orc warriors
  3 porcupines (Lair:1)
  An eye of draining (D:8)
  5 sky beasts
  4 ice beasts
  3 phantoms
  3 centaurs
  6 ogres
  2 crocodiles
  13 big kobolds
  4 bullfrogs
  A scorpion (D:9)
  8 wights (D:11)
  5 crimson imps
  2 bullfrog zombies
  2 bullfrog skeletons
  7 hounds
  2 jellies (D:8)
  4 orc priests
  A quasit (D:10)
  4 centaur skeletons
  7 iguanas
  5 worker ants
  7 orc wizards
  A killer bee zombie (D:6)
  2 hound zombies
  A hound skeleton (D:4)
  A mummy (D:11)
  2 worker ant zombies
  12 adders
  3 gnolls (Bailey)
  5 shadow imps
  2 oozes
  An adder zombie (D:5)
  3 dart slugs
  7 leopard geckos
  28 orcs
  4 giant cockroaches
  15 goblins
  10 hobgoblins
  10 jackals
  5 quokkas
  2 ball pythons
  8 bats
  A frilled lizard (D:3)
  3 jackal skeletons
  46 kobolds
  2 quokka skeletons
  10 rats
321 creatures vanquished.

Vanquished Creatures (others)
  A fungus (Lair:1)
1 creature vanquished.

Grand Total: 322 creatures vanquished

Notes
Turn   | Place    | Note
-------+----------+-------------------------------------------
     0 | D:1      | removed the Draconian Wizard began the quest for the Orb.
     0 | D:1      | Reached XP level 1. HP: 14/14 MP: 4/4
   206 | D:1      | Reached XP level 2. HP: 20/20 MP: 1/6
   522 | D:1      | Learned a level 2 spell: Blink
   909 | D:1      | Reached XP level 3. HP: 26/26 MP: 1/7
  1008 | D:1      | Learned a level 3 spell: Conjure Flame
  1326 | D:2      | Found an opulent altar of Gozag.
  1898 | D:3      | Reached XP level 4. HP: 30/33 MP: 1/8
  3241 | D:4      | Learned a level 3 spell: Mephitic Cloud
  3305 | D:4      | Noticed a phantom
  3363 | D:3      | Killed a phantom
  3363 | D:3      | Reached skill level 5 in Conjurations
  3363 | D:3      | Reached XP level 5. HP: 30/38 MP: 0/9
  3671 | D:4      | Noticed p0werm0de's ghost (novice OpAM)
  4290 | D:4      | Reached XP level 6. HP: 41/45 MP: 6/10
  4370 | D:4      | Got a coiled sapphire amulet
  4371 | D:4      | Identified the amulet "Tocivi Yricw" {Harm *Drain rPois Dex+2} (You found it on level 4 of the Dungeon)
  4537 | D:4      | Killed p0werm0de's ghost
  4537 | D:4      | Reached skill level 5 in Spellcasting
  4537 | D:4      | Your scales start taking on a fiery red colour.
  4537 | D:4      | Reached XP level 7. HP: 50/50 MP: 0/14
  4537 | D:4      | Gained mutation: Your flesh is heat resistant. (rF+) [Red Draconian growth]
  4645 | D:5      | Entered Level 5 of the Dungeon
  4766 | D:5      | Found Leufoned's Weapon Boutique.
  4862 | D:5      | Found Jaxoib's Distillery.
  5090 | D:5      | Found Ydait's Weapon Boutique.
  5119 | D:5      | Found Vimibut's Gadget Boutique.
  5518 | D:5      | Reached XP level 8. HP: 47/57 MP: 7/15
  6091 | D:5      | Found a staircase to the Ecumenical Temple.
  6103 | Temple   | Entered the Ecumenical Temple
  6260 | Temple   | Became a worshipper of Vehumet
  6507 | D:6      | Found a basalt altar of Yredelemnul.
  6507 | D:6      | Found an iron altar of Okawaru.
  7162 | D:6      | Found a hide-covered altar of Uskayaw.
  7605 | D:7      | Noticed a hippogriff
  8002 | D:7      | Reached * piety under Vehumet
  8002 | D:7      | Offered knowledge of Flame Tongue by Vehumet.
  8011 | D:7      | Found a flagged portal.
  8021 | D:7      | Learned a level 1 spell: Flame Tongue
  8022 | Bailey   | Entered a bailey
  8098 | Bailey   | Reached skill level 2 in Fire Magic
  8111 | Bailey   | Reached skill level 3 in Fire Magic
  8148 | Bailey   | Noticed an orc knight
  8154 | Bailey   | Noticed an orc knight
  8159 | Bailey   | Reached skill level 4 in Fire Magic
  8159 | Bailey   | Reached XP level 9. HP: 50/71 MP: 2/16
  8186 | Bailey   | Killed an orc knight
  8186 | Bailey   | Reached skill level 6 in Fire Magic
  8194 | Bailey   | Reached ** piety under Vehumet
  8194 | Bailey   | Offered knowledge of Shock by Vehumet.
  8231 | Bailey   | Killed an orc knight
  8231 | Bailey   | Reached skill level 8 in Fire Magic
  9625 | D:8      | Found a white marble altar of Elyvilon.
  9628 | D:8      | Found a runed door.
  9628 | D:8      | Noticed an orange crystal statue
  9629 | D:8      | Found the +10 large shield of Ignorance {rN+ Int-4}
  9639 | D:8      | Found a runed door.
  9691 | D:8      | Reached skill level 5 in Dodging
  9906 | D:8      | Reached skill level 5 in Fighting
  9906 | D:8      | Reached XP level 10. HP: 81/81 MP: 10/19
 10258 | D:8      | Offered knowledge of Throw Flame by Vehumet.
 10269 | D:8      | Learned a level 2 spell: Throw Flame
 10338 | D:8      | Noticed Psyche
 10359 | D:8      | Reached *** piety under Vehumet
 10360 | D:8      | Reached skill level 10 in Conjurations
 10362 | D:8      | Killed Psyche
 10738 | D:8      | Noticed a two-headed ogre
 10959 | D:8      | Noticed a two-headed ogre
 10974 | D:8      | Killed a two-headed ogre
 10974 | D:8      | Offered knowledge of Iskenderun's Mystic Blast by Vehumet.
 10974 | D:8      | Reached skill level 9 in Fire Magic
 10991 | D:8      | Learned a level 4 spell: Iskenderun's Mystic Blast
 11327 | D:8      | Killed a two-headed ogre
 11327 | D:8      | Reached skill level 10 in Fire Magic
 11732 | D:8      | Found a runed door.
 11752 | D:8      | Found a runed door.
 12226 | D:9      | Found an ornate altar of the Wu Jian Council.
 12412 | D:9      | Reached skill level 11 in Fire Magic
 13362 | D:9      | Noticed Erolcha
 13501 | D:10     | Entered Level 10 of the Dungeon
 13509 | D:10     | Reached XP level 11. HP: 76/88 MP: 12/20
 13655 | D:10     | Reached **** piety under Vehumet
 13981 | D:10     | Offered knowledge of Airstrike by Vehumet.
 14864 | D:10     | Learned a level 4 spell: Sticky Flame
 15117 | D:9      | Found an ornate altar of the Wu Jian Council.
 15431 | D:9      | Paralysed by Erolcha for 5 turns
 15442 | D:9      | Killed Erolcha
 15521 | D:11     | Noticed a two-headed ogre
 15539 | D:11     | Killed a two-headed ogre
 16020 | D:11     | Noticed a death yak
 16052 | D:11     | Killed a death yak
 16120 | D:11     | Found Juhe's Food Shoppe.
 16126 | D:11     | Found a staircase to the Lair.
 16162 | D:11     | Found a stormy altar of Qazlal.
 16364 | D:11     | Reached ***** piety under Vehumet
 16371 | D:11     | Offered knowledge of Spellforged Servitor by Vehumet.
 16986 | D:11     | Reached skill level 12 in Fire Magic
 17305 | D:11     | Learned a level 5 spell: Fireball
 17305 | D:11     | Upgraded the game from 0.21-a0-504-g2eda330 to 0.21-a0-507-ga8f6b7a
 17318 | Lair:1   | Entered Level 1 of the Lair of Beasts
 17445 | Lair:1   | Noticed arkorax's ghost (journeyman DsGl)
 17777 | Lair:1   | Killed arkorax's ghost
 17777 | Lair:1   | Reached XP level 12. HP: 73/100 MP: 4/24
 17991 | Lair:1   | Noticed kae's ghost (journeyman TrMo)
 18062 | Lair:2   | Upgraded the game from 0.21-a0-507-ga8f6b7a to 0.21-a0-632-g1e37ce5
 18062 | Lair:2   | Quit the game

Vault maps used:
D:1:      dpeg_arrival_tiny_h, kennysheep_pointless_box, st_stairs_8
D:2:      nicolae_gozag_seed_capital, first_bread, minmay_tromino_v4_c
D:3:      minivault_23, chequers_big_river, nrook_mini_vaults
D:4:      kennysheep_generic_room_16
D:5:      minmay_temple_entry_metal_lava, serial_shops, shop_fountains, shop,
          shop_coins, shop
D:6:      kennysheep_mini_moat, chequers_temple_overflow_statue_of_worship,
          minmay_misc_feat_chi
D:7:      enter_bailey_3
D:8:      wad_cavern_with_rooms, overflow_temple_1_default, special_room,
          chequers_guarded_unrand_ignorance, uniq_psyche
D:9:      marbit_many_paths, uniq_erolcha
D:10:     the_bakery
D:11:     david_lair_generic, serial_shops, nicolae_shop_trees, serial_undead,
          serial_undead_e, serial_undead_c, serial_undead_d, serial_undead_e,
          nicolae_qazlal_general_emergency
Temple:   regret_index_temple_sphere_string
Lair:1:   beast_lair_carwin_5
Lair:2:   dpeg_oklob_gauntlet, minmay_shoals_entry_beasts, dummy_snake_entry,
          lemuel_fruit_tree
Bailey:   bailey_axe_1, bailey

Skill      XL: |  1  2  3  4  5  6  7  8  9 10 11 |
---------------+----------------------------------+-----
Conjurations   | 2 3 4 5 6 8 9 10 | 10.5
Spellcasting   | 5 6 8 |  8.0
Fighting       | 4 5 7 |  7.1
Dodging        | 2 5 7 |  7.0
Fire Magic     | 4 8 11 12 | 12.8
Stealth        | |  1.7
Summonings     | |  1.0
Translocations | |  1.0

Action                   |  1- 3 |  4- 6 |  7- 9 | 10-12 || total
-------------------------+-------+-------+-------+-------++-------
Melee: Short sword       |     9 |     7 |       |       ||    16
       Tailslap          |     1 |     1 |     2 |     4 ||     8
       Quarterstaff      |       |     8 |    19 |    13 ||    40
       Staff             |       |       |       |    27 ||    27
       Scimitar          |       |       |       |     5 ||     5
 Cast: Magic Dart        |    96 |   113 |   226 |    11 ||   446
       Conjure Flame     |     1 |     3 |     6 |     7 ||    17
       Mephitic Cloud    |       |       |    14 |    10 ||    24
       Flame Tongue      |       |       |   124 |    27 ||   151
       Blink             |       |       |     2 |       ||     2
       Throw Flame       |       |       |       |   312 ||   312
       Sticky Flame      |       |       |       |    26 ||    26
       Fireball          |       |       |       |     4 ||     4
       Iskenderun's Myst |       |       |       |     1 ||     1
 Abil: Breathe Fire      |       |       |     3 |     7 ||    10
Evoke: Wand              |       |     1 |    15 |    17 ||    33
  Use: Scroll            |     6 |     2 |    14 |     3 ||    25
       Potion            |       |     1 |     8 |       ||     9
 Stab: Sleeping          |       |     1 |       |       ||     1
  Eat: Chunk             |     3 |     7 |    16 |    23 ||    49
       Buggy fruit       |       |     1 |     1 |     3 ||     5
       Buggy jelly       |       |       |     1 |     1 ||     2
Armor: Skin              |     8 |    15 |    59 |    77 ||   159
Dodge: Dodged            |    23 |    35 |   119 |   148 ||   325
       Rpst.: Scimitar   |       |       |       |     3 ||     3

Table legend:
 A = Spawn XP
 B = Non-spawn XP
 C = Spawn XP percentage of total XP
 D = Spawn monster count
 E = Non-spawn monster count
 F = Spawn count percentage of total count
 G = Total turns spent on level
                    A         B        C        D         E        F      G
               +---------+---------+-------+---------+---------+-------+---------
         Total |       0 |   23014 |   0.0 |       0 |     321 |   0.0 | 18062
               +---------+---------+-------+---------+---------+-------+---------
           D:1 |       0 |      46 |   0.0 |       0 |      27 |   0.0 |  1065
           D:2 |       0 |      47 |   0.0 |       0 |      17 |   0.0 |   813
           D:3 |       0 |     187 |   0.0 |       0 |      21 |   0.0 |  1614
           D:4 |       0 |     489 |   0.0 |       0 |      20 |   0.0 |  1153
           D:5 |       0 |     894 |   0.0 |       0 |      24 |   0.0 |  1679
           D:6 |       0 |     407 |   0.0 |       0 |      12 |   0.0 |  1117
           D:7 |       0 |    1327 |   0.0 |       0 |      21 |   0.0 |  1650
           D:8 |       0 |    5123 |   0.0 |       0 |      44 |   0.0 |  2633
           D:9 |       0 |    2300 |   0.0 |       0 |      28 |   0.0 |  1584
          D:10 |       0 |    2558 |   0.0 |       0 |      25 |   0.0 |  1408
          D:11 |       0 |    6065 |   0.0 |       0 |      41 |   0.0 |  2115
        Lair:1 |       0 |    1813 |   0.0 |       0 |       8 |   0.0 |   388
        Lair:2 |       0 |     140 |   0.0 |       0 |       1 |   0.0 |    63
        Bailey |       0 |    1618 |   0.0 |       0 |      32 |   0.0 |   597
               +---------+---------+-------+---------+---------+-------+---------
